 Dungeon Crawl Stone Soup version 0.17-a0-1714-g35622ae (webtiles) character file.

66813 matakusis the Cleaver (level 14, -4/121 HPs)
             Began as a Demonspawn Gladiator on Aug 23, 2015.
             Was the Champion of Makhleb.
             Slain by an Executioner (22 damage)
             ... summoned by the player character
             ... on level 1 of the Swamp on Aug 24, 2015.
             The game lasted 02:19:59 (21381 turns).

matakusis the Cleaver (Demonspawn Gladiator)       Turns: 21381, Time: 02:19:59

Health: -4/121     AC: 16    Str: 22      XL:     14   Next: 80%
Magic:  19/19      EV: 18    Int:  0 (12) God:    Makhleb [******]
Gold:   3211       SH: 18    Dex: 24      Spells: 0 memorised, 13 levels left

rFire  . . .     SeeInvis +     L - +3 war axe (freeze)
rCold  . . .     Clarity  +     D - +1 scale mail "Mizizi" {rN+ Str+6 Dex+4}
rNeg   + . .     SustAt   .     E - +0 large shield
rPois  .         Gourm    .     (helmet unavailable)
rElec  .         Spirit   .     r - +0 cloak
rCorr  .         Warding  .     (no gloves)
rMut   .         Stasis   .     (no boots)
MR     ++...                    X - amulet of rage
Stlth  +.........               U - ring of protection from magic
                                T - +3 ring of protection

@: lethally poisoned (-4 -> -5), about to teleport, slowed, lost intelligence,
very slow, very resistant to hostile enchantments, very unstealthy
A: horns 3, rugged brown scales 3, see invisible, agile 1, clarity, clever 1,
powered by death 1, spiny 2
a: Minor Destruction, Lesser Servant of Makhleb, Major Destruction, Greater
Servant of Makhleb, Renounce Religion, Evoke Berserk Rage


You were on level 1 of the Swamp.
You worshipped Makhleb.
Makhleb was exalted by your worship.
You were full.

You visited 7 branches of the dungeon, and saw 25 of its levels.
You also visited: Bailey and Volcano.

You collected 3386 gold pieces.
You spent 175 gold pieces at shops.

Inventory:

Hand weapons
 i - a +1 battleaxe of chopping
 p - the +4 whip of Hatred {freeze, +Inv rC+ MR+}
   (You found it on level 3 of the Lair of Beasts)

   It has been specially enchanted to freeze those struck by it, causing extra
   injury to most foes and up to half again as much damage against particularly
   susceptible opponents.
   It can also slow down cold-blooded creatures.
   It protects you from cold.
   It affects your resistance to hostile enchantments.
   It lets you turn invisible.
 L - a +3 war axe of freezing (weapon)
Missiles
 b - 32 tomahawks of returning (quivered)
 e - 5 steel tomahawks
 q - a throwing net
Armour
 r - a +0 cloak (worn)
 D - the +1 scale mail "Mizizi" (worn) {rN+ Str+6 Dex+4}
   (You found it on level 5 of the Dungeon)

   It affects your strength (+6).
   It affects your dexterity (+4).
   It protects you from negative energy.
 E - a +0 large shield (worn)
 N - the +4 skin of Zhor {rC+++}
   (You took it off a kobold in a bailey)

   It renders you almost immune to cold.
 P - a +5 crystal plate armour
Jewellery
 T - a +3 ring of protection (left hand)
 U - a ring of protection from magic (right hand)
 X - an amulet of rage (around neck)
Magical devices
 f - a wand of digging (8)
 o - a wand of slowing (21)
 v - a wand of paralysis (15)
 x - a wand of digging (17)
 A - a wand of slowing (19)
 F - a wand of fire (6)
 G - a wand of disintegration (4)
 I - a wand of heal wounds (0)
 K - a wand of teleportation (3)
 R - a wand of frost (29)
Scrolls
 k - 2 scrolls of teleportation
 l - 2 scrolls of blinking
 u - 5 scrolls of recharging
 w - 2 scrolls of fog
 y - 7 scrolls of remove curse
 O - 4 scrolls of magic mapping
 V - a scroll of summoning
 W - a scroll of fear
Potions
 a - 3 potions of lignification
 c - a potion of might
 m - 7 potions of magic
 s - 7 potions of curing
 z - a potion of ambrosia
 B - a potion of haste
 J - 4 potions of agility
 Q - a potion of invisibility
 S - a potion of resistance
Books
 h - a book of the Tempests

   Spells                             Type                      Level
   a - Static Discharge               Conjuration/Air              3
   b - Lightning Bolt                 Conjuration/Air              5
   c - Fireball                       Conjuration/Fire             5
   d - Tornado                        Air                          9
   e - Shatter                        Earth                        9
Miscellaneous
 M - a sack of spiders
 Y - an ornate deck of wonders {Wild Magic}
Comestibles
 d - 4 beef jerkies
 g - 6 bread rations
 j - 16 royal jellies
 t - 5 meat rations
 H - 29 fruits


   Skills:
 + Level 11.8 Fighting
 + Level 13.1 Axes
 + Level 0.1(8.6) Maces & Flails
 - Level 1.7 Throwing
 + Level 8.9 Armour
 + Level 11.1 Dodging
 * Level 10.1 Shields
 + Level 6.8 Invocations


You had 13 spell levels left.
You didn't know any spells.

Dungeon Overview and Level Annotations

Branches:
Dungeon (9/15)             Temple (0/1) D:6            Lair (8/8) D:9
  Swamp (1/4) Lair:4       Spider (1/4) Lair:5        Slime (1/6) Lair:6
    Orc (4/4) D:9             Elf (1/3) Orc:3

Altars:
Cheibriados
Dithmenos
Gozag
Makhleb
Nemelex Xobeh
Trog
Vehumet
Jiyva

Shops:
D:5 :   D:7 %[(   Orc:2 (   Orc:4 %(%%

Annotations:
Lair:5 exclusion: oklob plant


Innate Abilities, Weirdness & Mutations

You have a pair of large horns on your head.
You are completely covered in rugged brown scales (AC +3, +7% HP).
You regenerate a little health from kills.
You are mostly covered in sharp spines.
You have supernaturally acute eyesight.
You are agile. (Dex +2)
You possess an exceptional clarity of mind.
Your mind is acute. (Int +2)


Message History

You block the Executioner's attack. The bog body barely misses you.
The bog body touches you but does no damage.
The Executioner is struck by your spines.
The Executioner hits you but does no damage.
You block the Executioner's attack.
The Executioner hits you but does no damage.
You block the giant leech's attack.
You hear a blaring wail to the south.
The bog body is struck by your spines. The bog body misses you.
The bog body closely misses you.
You feel sick.
The giant leech seems less confused.
You block the Executioner's attack.
The Executioner hits you but does no damage.
You block the Executioner's attack.
The Executioner is struck by your spines.
The Executioner hits you!
* * * LOW HITPOINT WARNING * * *
The Executioner hits you but does no damage.
You block the Executioner's attack. The Executioner hits you!!
You die...

♣.≈.≈≈♣.♣♣♣...♣♣ .♣
♣......♣♣ ♣♣..♣ ..♣
♣.≈≈.♣♣♣ ♣♣..≈♣♣♣♣≈≈..≈
♣.≈≈≈.♣ ♣♣.≈...≈≈.≈≈.. .
♣.≈≈..♣ ♣≈..≈.^......♣..
♣.♣≈≈.♣♣♣.≈.............
♣.....♣♣.≈.....♣♣..)....
♣.≈.≈.≈♣♣.....####....♣ ♣
♣.≈.≈≈≈≈.♣≈..@1n#.....# ♣
♣♣.≈.≈♣≈≈≈≈♣.....k..#
♣♣♣.≈≈≈≈♣.≈.≈..≈≈.w..#♣
♣♣.≈≈...≈.♣≈♣≈≈.≈≈.......
♣..≈..♣≈≈.≈≈≈≈≈.♣..w...≈..
.....♣♣♣.≈≈≈...y♣♣♣♣♣≈.....
.≈≈≈.♣ ♣♣..≈.♣..♣ .♣♣♣♣♣
.≈♣..♣ ♣♣≈≈.♣.♣♣ .♣ ....♣♣
♣≈.♣≈≈♣ ♣.


You could see an Executioner, 2 giant leeches, a hornet (confused), a bog body
and a swamp drake.

Vanquished Creatures
  Gastronok (D:8)
  An orc warlord (Orc:4)
  Nessos (Lair:7)
  A fire dragon (Lair:8)
  Josephine (Lair:8)
  2 hydras
  6 death yaks
  Sonja (Lair:2)
  2 lindwurms (Lair:8)
  4 orc knights
  17 spiny frogs
  A molten gargoyle (Volcano)
  8 torpor snails
  2 elephants (Lair:5)
  2 black mambas
  7 komodo dragons
  2 fire drakes
  8 polar bears (Lair:8)
  4 two-headed ogres
  3 giant leeches
  A jumping spider (Lair:5)
  A troll (D:9)
  A boulder beetle (Lair:8)
  5 raiju (Lair:8)
  2 redbacks
  Sigmund (D:4)
  12 blink frogs
  3 basilisks
  5 wraiths (Lair:8)
  2 spriggans
  31 yaks
  5 hippogriffs
  A hungry ghost (D:9)
  Eustachio (D:4)
  Grum (D:8)
  A tarantella (Orc:3)
  26 wolves
  A steam dragon (Lair:5)
  15 wargs
  A fire elemental (Volcano)
  3 insubstantial wisps (Swamp:1)
  A swamp worm (Swamp:1)
  A hell hound (Lair:8)
  2 ice beasts
  12 porcupines
  14 water moccasins
  12 black bears (Lair:8)
  15 orc warriors
  4 spiders
  A necrophage (D:9)
  A sky beast (D:8)
  5 centaurs
  A phantom (D:5)
  5 wasps
  6 ogres
  10 crocodiles
  3 big kobolds
  4 brain worms (Lair:8)
  15 giant frogs
  A scorpion (Lair:4)
  9 wights
  6 crimson imps
  13 hounds
  A jelly (D:8)
  A wasp zombie (D:5)
  2 giant frog skeletons
  18 orc priests
  24 orc wizards
  4 iguanas
  5 worker ants
  8 sheep (Lair:7)
  A worker ant zombie (D:5)
  12 gnolls
  7 adders
  45 river rats
  An ooze (D:3)
  2 adder skeletons
  20 worms
  132 orcs
  3 ball pythons
  3 bats
  5 giant cockroaches
  10 hobgoblins
  5 jackals (Lair:8)
  4 quokkas
  5 giant geckos
  A giant gecko skeleton (D:7)
  4 giant newts
  7 goblins
  28 kobolds
  2 quokka skeletons
  4 rats
  2 fire vortices (Volcano)
  6 fungi
  4 plants (Lair:8)
710 creatures vanquished.

Vanquished Creatures (collateral kills)
  6 hydras
  A catoblepas (Lair:5)
  A death yak (Lair:5)
  4 ogre magi (Orc:4)
  Urug (Lair:2)
  A black mamba (Lair:5)
  2 elephants (Lair:5)
  A torpor snail (Lair:5)
  A fire drake (Lair:4)
  2 spiny frogs (Lair:2)
  11 two-headed ogres (Orc:4)
  A polar bear (Lair:4)
  Prince Ribbit (Lair:2)
  A boulder beetle (Lair:8)
  7 blink frogs
  An insubstantial wisp (Swamp:1)
  2 swamp worms (Swamp:1)
  A wasp (Swamp:1)
  19 ogres (Orc:4)
  2 water moccasins
  A giant frog (Lair:2)
  2 crocodiles (Lair:7)
  An orc priest (Orc:4)
  An orc (Orc:4)
  2 fungi
  A plant (Lair:8)
74 creatures vanquished.

Vanquished Creatures (others)
  The ghost of Gorice the Spry, a powerful FeFE of Vehumet (Swamp:1)
  17 fungi
  38 plants
56 creatures vanquished.

Grand Total: 840 creatures vanquished

Notes
Turn   | Place    | Note
--------------------------------------------------------------
     0 | D:1      | matakusis the Demonspawn Gladiator began the quest for the Orb.
     0 | D:1      | Reached XP level 1. HP: 16/16 MP: 1/1
   122 | D:1      | Reached skill level 3 in Axes
   148 | D:1      | Gained mutation: You are partially covered in rugged brown scales (AC +1, +3% HP). [demonic ancestry]
   148 | D:1      | Reached XP level 2. HP: 13/22 MP: 2/2
   971 | D:2      | Gained mutation: You regenerate a little health from kills. [demonic ancestry]
   971 | D:2      | Reached XP level 3. HP: 7/27 MP: 3/3
  1737 | D:2      | Found a burning altar of Makhleb.
  1737 | D:2      | Found a radiant altar of Vehumet.
  1758 | D:2      | Became a worshipper of Makhleb the Destroyer
  1854 | D:3      | Reached skill level 1 in Armour
  1860 | D:3      | Gained mutation: You are mostly covered in rugged brown scales (AC +2, +5% HP). [demonic ancestry]
  1860 | D:3      | Reached XP level 4. HP: 23/35 MP: 4/4
  2370 | D:3      | Gained mutation: You are frail (-10% HP). [potion of mutation]
  2370 | D:3      | Gained mutation: Your mind is acute. (Int +2) [potion of mutation]
  2370 | D:3      | Gained mutation: You are agile. (Dex +2) [potion of mutation]
  2513 | D:4      | Noticed Sigmund
  2535 | D:4      | Killed Sigmund
  2535 | D:4      | Acquired Makhleb's first power
  2535 | D:4      | Reached skill level 4 in Axes
  2535 | D:4      | Reached XP level 5. HP: 29/38 MP: 5/5
  2535 | D:4      | Reached XP level 6. HP: 33/44 MP: 6/6
  2578 | D:4      | Noticed Eustachio
  2603 | D:4      | HP: 2/44 [river rat[Eustachio] (4)]
  2617 | D:4      | Killed Eustachio
  3113 | D:4      | Gained mutation: You are partially covered in sharp spines. [demonic ancestry]
  3113 | D:4      | Reached XP level 7. HP: 47/51 MP: 7/7
  3222 | D:4      | Reached skill level 5 in Dodging
  3750 | D:5      | Entered Level 5 of the Dungeon
  3815 | D:5      | You fall through a shaft for 2 floors!
  4148 | D:6      | Reached skill level 5 in Fighting
  4236 | D:6      | Found an opulent altar of Gozag.
  4237 | D:6      | Found a sparkling altar of Nemelex Xobeh.
  4325 | D:6      | Found a snail-covered altar of Cheibriados.
  4429 | D:6      | Found a staircase to the Ecumenical Temple.
  4491 | D:5      | Got a faintly humming scale mail
  4502 | D:5      | Identified the +1 scale mail "Mizizi" {rN+ Str+6 Dex+4} (You found it on level 5 of the Dungeon)
  4513 | D:5      | Acquired Makhleb's second power
  4539 | D:5      | Found Ygo Xul's Book Shop.
  4586 | D:5      | Reached skill level 5 in Axes
  4586 | D:5      | Gained mutation: You are completely covered in rugged brown scales (AC +3, +7% HP). [demonic ancestry]
  4586 | D:5      | Reached XP level 8. HP: 53/60 MP: 8/8
  4838 | D:5      | Reached skill level 6 in Dodging
  5287 | D:7      | Found Zuekhan's Food Emporium.
  5384 | D:7      | Found Supniur's Armour Boutique.
  5554 | D:7      | Found a shadowy altar of Dithmenos.
  5749 | D:7      | Found a shadowy altar of Dithmenos.
  5868 | D:7      | Noticed a spriggan baker
  5872 | D:7      | Killed a spriggan baker
  5872 | D:7      | Gained mutation: You are mostly covered in sharp spines. [demonic ancestry]
  5872 | D:7      | Reached XP level 9. HP: 68/68 MP: 9/9
  5966 | D:7      | Found Pahicr Fosh's Antique Weapon Emporium.
  5977 | D:7      | Acquired Makhleb's third power
  6134 | D:8      | Noticed Gastronok
  6177 | D:8      | Found a flagged portal.
  6180 | D:8      | Reached skill level 7 in Fighting
  6191 | Bailey   | Entered a bailey
  6465 | Bailey   | Found a bloodstained altar of Trog.
  6849 | D:8      | Noticed Grum
  6870 | D:8      | Killed Grum
  7068 | D:8      | Reached skill level 8 in Fighting
  7072 | D:8      | Acquired Makhleb's fourth power
  7096 | D:8      | Gained mutation: You possess an exceptional clarity of mind. [potion of mutation]
  7096 | D:8      | Gained mutation: You have supernaturally acute eyesight. [potion of mutation]
  7096 | D:8      | Lost mutation: You are frail (-10% HP). [potion of mutation]
  7486 | D:8      | Killed Gastronok
  7486 | D:8      | Reached skill level 5 in Armour
  7486 | D:8      | Reached XP level 10. HP: 80/87 MP: 10/10
  8122 | D:9      | Found a staircase to the Lair.
  8142 | D:9      | Reached skill level 1 in Shields
  8147 | D:9      | Reached skill level 9 in Fighting
  8205 | D:9      | Found a staircase to the Orcish Mines.
  8587 | Lair:1   | Entered Level 1 of the Lair of Beasts
  8617 | Orc:1    | Entered Level 1 of the Orcish Mines
  8714 | Orc:1    | Noticed an orc knight
  8737 | Orc:1    | Acquired Makhleb's fifth power
  8753 | Orc:1    | Killed an orc knight
  8753 | Orc:1    | Reached XP level 11. HP: 76/95 MP: 11/11
  8942 | Orc:2    | Found Qeapiv's Weapon Shoppe.
 10011 | Orc:3    | Found a staircase to the Elven Halls.
 10370 | Orc:4    | Entered Level 4 of the Orcish Mines
 10370 | Orc:4    | Noticed an orc warlord
 10420 | Orc:4    | Found a dark tunnel.
 10429 | Volcano  | Entered a volcano
 10987 | Orc:4    | Killed an orc warlord
 10988 | Orc:4    | Reached skill level 10 in Fighting
 11324 | Orc:4    | Noticed an ogre mage
 11329 | Orc:4    | Reached skill level 10 in Axes
 11334 | Orc:4    | Reached skill level 5 in Shields
 11339 | Orc:4    | Noticed an ogre mage
 11340 | Orc:4    | Killed an ogre mage
 11340 | Orc:4    | Gained mutation: You have a pair of small horns on your head. [demonic ancestry]
 11340 | Orc:4    | Reached XP level 12. HP: 103/103 MP: 12/12
 11342 | Orc:4    | Noticed an ogre mage
 11343 | Orc:4    | Killed an ogre mage
 11343 | Orc:4    | Reached skill level 1 in Invocations
 11344 | Orc:4    | Killed an ogre mage
 11345 | Orc:4    | Noticed an ogre mage
 11354 | Orc:4    | Killed an ogre mage
 11392 | Orc:4    | Found Iheoj's Antique Weapon Shop.
 11392 | Orc:4    | Found Caqi's Food Emporium.
 11406 | Orc:4    | Found Vahoerghear's Food Shoppe.
 11406 | Orc:4    | Found Zuodeish's Food Shop.
 11444 | Orc:4    | Bought a glowing battleaxe for 175 gold pieces
 11811 | Elf:1    | Entered Level 1 of the Elven Halls
 12236 | Lair:1   | Reached skill level 11 in Axes
 12704 | Lair:2   | Noticed Urug
 12718 | Lair:2   | Killed Urug
 12800 | Lair:2   | Noticed Prince Ribbit
 12803 | Lair:2   | Killed Prince Ribbit
 13257 | Lair:2   | Noticed Sonja
 13425 | Lair:2   | Killed Sonja
 13913 | Lair:3   | Gained mutation: You have a pair of horns on your head. [demonic ancestry]
 13913 | Lair:3   | Reached XP level 13. HP: 96/112 MP: 15/15
 14110 | Lair:3   | Reached skill level 10 in Dodging
 14129 | Lair:3   | Got a twisted whip
 14137 | Lair:3   | Identified the +4 whip of Hatred {freeze, +Inv rC+ MR+} (You found it on level 3 of the Lair of Beasts)
 14645 | Lair:4   | Found a staircase to the Swamp.
 14674 | Swamp:1  | Entered Level 1 of the Swamp
 15907 | Lair:5   | Reached skill level 5 in Invocations
 15929 | Lair:5   | Reached skill level 12 in Axes
 16227 | Lair:5   | Found a hole to the Spider Nest.
 16249 | Spider:1 | Entered Level 1 of the Spider Nest
 16452 | Lair:6   | Found a staircase to the Slime Pits.
 16454 | Lair:6   | Found a viscous altar of Jiyva.
 16464 | Slime:1  | Entered Level 1 of the Pits of Slime
 17649 | Lair:7   | Gained mutation: You have a pair of large horns on your head. [demonic ancestry]
 17649 | Lair:7   | Reached XP level 14. HP: 120/120 MP: 18/18
 17829 | Lair:7   | Noticed Nessos
 18361 | Lair:7   | Killed Nessos
 18470 | Lair:8   | Entered Level 8 of the Lair of Beasts
 18622 | Lair:8   | Found a bloodstained altar of Trog.
 18733 | Lair:8   | Noticed Josephine
 18749 | Lair:8   | Killed Josephine
 19589 | Lair:8   | Reached skill level 13 in Axes
 19615 | Lair:8   | Found a runed door.
 19655 | Lair:8   | Reached skill level 10 in Shields
 19786 | Lair:8   | Lost intelligence.
 20997 | Swamp:1  | Noticed Gorice's ghost (powerful FeFE)
 21004 | Swamp:1  | Killed Gorice's ghost
 21300 | Swamp:1  | Lost intelligence.
 21372 | Swamp:1  | Paralysed by a hornet for 3 turns
 21374 | Swamp:1  | HP: 4/121 [bog body/bolt of cold (25)]
 21378 | Swamp:1  | Noticed an Executioner
 21381 | Swamp:1  | Slain by an Executioner

Vault maps used:
D:1:      minmay_arrival_up_and_down, corner_web_ring, minmay_misc_feat_ornament
D:2:      amethyst_overflow_temple_binary
D:4:      grunt_decor_one_mirror, uniq_eustachio, uniq_sigmund
D:5:      serial_shops, nicolae_shop_trees, first_bread
D:6:      grunt_temple_overflow_opulence, kennysheep_mini_moat, temple_green,
          dk_noncrumbling_4
D:7:      lemuel_coloured_pillars_altar, basic_altar, serial_shops,
          nicolae_shop_trees, nicolae_shop_crystal, shop, the_bakery
D:8:      enter_bailey_2, uniq_grum, uniq_gastronok
D:9:      lair_0_dummy, minmay_orc_entry_guard_dogs
Lair:2:   uniq_urug, uniq_sonja, uniq_prince_ribbit2
Lair:3:   lemuel_fruit_tree
Lair:4:   minmay_swamp_entry_reptiles
Lair:5:   spider_nest_entry_funnel_web, grunt_megastairs_3
Lair:6:   slime_altar_1
Lair:7:   uniq_nessos
Lair:8:   hangedman_lair_caniforms_friends, wormcave, basic_altar,
          lemuel_fruit_fields, infiniplex_staircase_pool_2, uniq_josephine
Swamp:1:  evilmike_swamp_ruin_house_1, swamp_pool4, nicolae_swamp_rocky_clearing
Orc:1:    nicolae_orc_lava_room
Orc:2:    serial_shops, shop
Orc:3:    nicolae_orc_accident_3, nicolae_orc_pool_cavern
Orc:4:    st_orc_ogre_mass, nicolae_volcano_entry_two_sided
Elf:1:    hangedman_elf_represent
Bailey:   bailey_axe_3, bailey
Volcano:  volcano_overflow

Action                   |  1- 3 |  4- 6 |  7- 9 | 10-12 | 13-15 || total
-------------------------+-------+-------+-------+-------+-------++-------
Melee: War axe           |    99 |    82 |   253 |   558 |   688 ||  1680
       Whip              |       |       |       |       |    23 ||    23
Throw: Throwing net      |     3 |     4 |     2 |     1 |       ||    10
       Tomahawk          |       |       |     4 |     1 |     1 ||     6
Invok: Greater Servant o |       |       |       |     2 |    12 ||    14
 Abil: Evoke Berserk Rag |       |       |       |       |     1 ||     1
Evoke: Wand              |       |       |       |     3 |     4 ||     7
  Use: Potion            |     1 |     5 |     5 |     3 |     5 ||    19
       Scroll            |     8 |     1 |     4 |     9 |    14 ||    36
 Stab: Held in net/web   |       |     2 |       |       |       ||     2
       Sleeping          |       |     1 |       |       |       ||     1
       Distracted        |       |       |       |       |     3 ||     3
  Eat: Chunk             |     3 |     4 |    19 |    32 |    14 ||    72
       Bread ration      |       |       |     1 |       |     1 ||     2
       Beef jerky        |       |       |     1 |       |       ||     1
       Meat ration       |       |       |       |       |     2 ||     2
